 Dungeon Crawl Stone Soup version 0.28.0-49-g6dfe1f597d (webtiles) character file.

Game seed: 232155339231865160

212 zeram the Skirmisher (level 5, -1/48 HPs)
             Began as a Minotaur Fighter on May 19, 2022.
             Was an Initiate of Qazlal.
             Slain by an iguana (11 damage)
             ... on level 4 of the Dungeon.
             The game lasted 00:03:20 (3319 turns).

zeram the Skirmisher (Minotaur Fighter)             Turns: 3319, Time: 00:03:21

Health: -1/48      AC:  8    Str: 22    XL:     5   Next: 58%
Magic:  4/4        EV:  9    Int:  5    God:    Qazlal [......]
Gold:   129        SH:  4    Dex: 10    Spells: 4/4 levels left

rFire   . . .      SeeInvis .   a - +0 war axe
rCold   . . .      Faith    .   c - +0 buckler
rNeg    . . .      Spirit   .   b - +0 scale mail
rPois   .          Reflect  .   (helmet restricted)
rElec   .          Harm     .   g - +0 cloak
rCorr   .          Rampage  .   (no gloves)
Will    .....                   (no boots)
Stlth   ..........              (no amulet)
HPRegen 0.16/turn               (no ring)
MPRegen 0.09/turn               (no ring)

@: no status effects
A: horns 2, retaliatory headbutt
a: Renounce Religion


You were on level 4 of the Dungeon.
You worshipped Qazlal.
Qazlal was noncommittal.
You visited 1 branch of the dungeon, and saw 4 of its levels.

You collected 129 gold pieces.

Inventory:

Hand Weapons
 a - a +0 war axe (weapon)
Armour
 b - a +0 scale mail (worn)
 c - a +0 buckler (worn)
 g - a +0 cloak (worn)
Scrolls
 h - a scroll of fog {unknown}
Potions
 d - a potion of might
 e - a potion of curing {unknown}
 f - a potion of brilliance {unknown}


   Skills:
 + Level 5.0 Fighting
 + Level 4.7 Axes
 + Level 4.8 Armour
 + Level 0.5 Dodging
 + Level 0.1 Stealth
 + Level 4.2 Shields


You had 4 spell levels left.
You didn't know any spells.
Your spell library contained the following spells:

 Spells                   Type           Power      Damage    Failure   Level
 Slow                     Hex            0%         N/A       86%         1
 Confusing Touch          Hex            0%         N/A       99%         3
 Vampiric Draining        Necr           0%         2d6       99%         3


Dungeon Overview and Level Annotations

Branches:
Dungeon (4/15)
 Temple: D:4-7

Altars:
Cheibriados
Elyvilon
Qazlal

Shops:
D:1 (


Innate Abilities, Weirdness & Mutations

You have a pair of horns on your head.
You reflexively headbutt those who attack you in melee.


Message History

You kill the jackal!
Qazlal accepts your kill.
Your Fighting skill increases to level 5!
No target in view!
No target in view!
Found a stone staircase leading down.
Found a stone staircase leading up.
An iguana comes into view.
The iguana hisses angrily.
An iguana is nearby!
An iguana is nearby!
An iguana is nearby!
There is a stone staircase leading up here.
You block the iguana's attack.
You barely miss the iguana. The iguana misses you.
You closely miss the iguana. Your headbutt misses the iguana.
The iguana bites you!
You barely miss the iguana. You block the iguana's attack.
You closely miss the iguana. The iguana bites you. The iguana bites you!
You closely miss the iguana. The iguana bites you!
You are too injured to fight recklessly!
There is a stone staircase leading up here.
You hit the iguana but do no damage. You headbutt the iguana!
The iguana is heavily wounded.
The iguana bites you.
You slash the iguana!
The iguana is almost dead.
The iguana bites you.
* * * LOW HITPOINT WARNING * * *
The iguana bites you.
* * * LOW HITPOINT WARNING * * *
You hit the iguana but do no damage.
The iguana is almost dead.
The iguana bites you.
* * * LOW HITPOINT WARNING * * *
You hit the iguana but do no damage. Your headbutt misses the iguana.
The iguana is almost dead.
The iguana hisses menacingly.
The iguana bites you!
You die...

# #. .
##. #.#
#.# #l#
#@# ##.#
#..#
#.## #.#
#.#
##.####
#.....#
#.....##


You could see an iguana.

Vanquished Creatures
  A jelly (D:3)
  2 iguanas
  5 adders
  A worm (D:3)
  4 dart slugs
  8 orcs
  7 ball pythons
  5 bats
  3 endoplasms (D:1)
  5 giant cockroaches
  3 goblins
  5 hobgoblins
  5 jackals
  A quokka (D:1)
  A frilled lizard (D:2)
  10 kobolds
  3 rats
69 creatures vanquished.

Notes
Turn   | Place    | Note
-------+----------+-------------------------------------------
     0 | D:1      | zeram the Minotaur Fighter began the quest for the Orb.
     0 | D:1      | Reached XP level 1. HP: 19/19 MP: 0/0
    30 | D:1      | Found Umaddeixa's Antique Weapon Emporium.
   185 | D:1      | Reached XP level 2. HP: 27/27 MP: 1/1
   484 | D:1      | Reached skill level 4 in Fighting
   736 | D:1      | Found a faded altar of an unknown god.
   757 | D:1      | Reached XP level 3. HP: 33/33 MP: 2/2
  1369 | D:2      | Reached XP level 4. HP: 16/41 MP: 3/3
  2005 | D:3      | Reached XP level 5. HP: 47/47 MP: 4/4
  2148 | D:3      | Found a white marble altar of Elyvilon.
  2151 | D:3      | Found a snail-covered altar of Cheibriados.
  2690 | D:3      | Found a stormy altar of Qazlal.
  3243 | D:3      | Became a worshipper of Qazlal Stormbringer
  3278 | D:4      | Reached skill level 5 in Fighting
  3319 | D:4      | Slain by an iguana

Illustrated notes

Levels and vault maps discovered:
D:1:      nicolae_arrival_memento_mori, layout_basic, serial_shops, shop,
          ebering_ecumenical_altar_rust
D:2:      layout_loops_ring, hex_large
D:3:      layout_basic, grunt_qazlal_sundering, nicolae_overflow_squiral,
          minmay_distorted
D:4:      layout_cave_pods, serial_shops, nicolae_shop_behind_doors,
          minmay_manual_moon, uniq_robin, uniq_blork_the_orc

Skill      XL: |  1  2  3  4  5 |
---------------+----------------+-----
Fighting       | 4 5 |  5.0
Armour         | 4 |  4.8
Shields        | 4 |  4.2
Axes           | 3 4 |  4.7
Dodging        | |  0.5
Stealth        | |  0.1

Action                   |  1- 3 |  4- 6 || total
-------------------------+-------+-------++-------
Melee: War axe           |    77 |    69 ||   146
       Headbutt          |    10 |    12 ||    22
Armor: Scale mail        |    41 |    26 ||    67
Dodge: Dodged            |    33 |    32 ||    65
Block: Buckler           |    16 |    15 ||    31
